 Dungeon Crawl Stone Soup version 0.29.1-15-g9cfb28693d (webtiles) character file.

Game seed: 3585129865684498097

1 Mickster the Ducker (level 1, 0/12 HPs)
             Began as a Deep Elf Wanderer on Mar 15, 2023.
             Slain by a quokka (2 damage)
             ... on level 1 of the Dungeon.
             The game lasted 00:01:55 (74 turns).

Mickster the Ducker (Deep Elf Wanderer)               Turns: 74, Time: 00:01:56

Health: 0/12       AC:  3    Str:  8    XL:     1   Next: 16%
Magic:  3/3        EV: 13    Int: 15    God:
Gold:   18         SH:  0    Dex: 16    Spells: 0/0 levels left

rFire   . . .      SeeInvis .   a - +2 mace
rCold   . . .      Faith    .   (no shield)
rNeg    . . .      Spirit   .   e - +0 robe
rPois   .          Reflect  .   (no helmet)
rElec   .          Harm     .   c - +0 cloak
rCorr   .          Rampage  .   (no gloves)
Will    .....                   (no boots)
Stlth   +.........              (no amulet)
HPRegen 0.04/turn               (no ring)
MPRegen 0.08/turn               (no ring)

@: no status effects
A: no striking features
a: no special abilities


You were on level 1 of the Dungeon.
You visited 1 branch of the dungeon, and saw 1 of its levels.

You collected 18 gold pieces.

Inventory:

Hand Weapons
 a - a +2 mace (weapon)
 b - a +0 falchion
Armour
 c - a +0 cloak (worn)
 e - a +0 robe (worn)
Potions
 d - 2 potions of haste
 f - a potion of might {unknown}


   Skills:
 + Level 1.1 Fighting
 + Level 1.0 Long Blades
 + Level 1.3 Maces & Flails
 + Level 1.0 Throwing
 + Level 1.0 Armour
 + Level 3.6 Dodging
 + Level 1.0 Invocations


You couldn't memorise any spells.
You didn't know any spells.
Your spell library contained the following spells:

 Spells                   Type           Power      Damage    Failure   Level
 Sting                    Tmut/Pois      0%         1d3       26%         1
 Poisonous Vapours        Pois/Air       0%         N/A       38%         2
 Olgreb's Toxic Radiance  Pois           0%         N/A       95%         4


Dungeon Overview and Level Annotations

Branches:
Dungeon (1/15)

Altars:


Message History

Welcome, Mickster the Deep Elf Wanderer.
They say the Orb of Zot lies within this dungeon, but they say a lot of things.
Press ? for a list of commands and other information.
Found a Young Poisoner's Handbook and a scroll labelled USAELE YPRO.
Found a staircase leading out of the dungeon.
You begin with the following items: a +2 mace, a +0 falchion, a +0 cloak, a potion of haste, a +0 robe.
Found a potion of haste.
You pick up a Young Poisoner's Handbook and begin reading...
You add the spells Sting, Poisonous Vapours and Olgreb's Toxic Radiance to your library.
You don't know any spells.
You can't memorise that many levels of magic yet!
d - 2 potions of haste (gained 1)
You now have 18 gold pieces.
Found an amethyst potion.
f - a scroll labelled USAELE YPRO
As you read the scroll labelled USAELE YPRO, it crumbles to dust.
The air around you briefly surges with heat, but it dissipates.
It was a scroll of immolation.
f - an amethyst potion An endoplasm comes into view.
A quokka comes into view.
A quokka comes into view.
The helpless endoplasm fails to defend itself.
You hit the endoplasm. You punch the endoplasm.
The endoplasm is severely wounded.
The quokka bites you. The endoplasm freezes you.
You are frozen.
You hit the endoplasm.
You kill the endoplasm!
The quokka misses you. x3; The quokka closely misses you.
The quokka attacks as you move away! The quokka bites you.
* * * LOW HITPOINT WARNING * * *
The quokka bites you.
You die...

#..#....###
.......... #.......#
.......### ##
........ ...
#....#####..
#....##...
.######....##r###.#..
...........r.@.......
#######.#########.###
##..............##
#.#............#.#
#..#......#...#..#
#...#....#...#...#
#....#..#...#....#
#.....##.#.#.....#
#...#.#...#......#


You could see 2 quokkas.

Vanquished Creatures
  An endoplasm (D:1)
1 creature vanquished.

Notes
Turn   | Place    | Note
-------+----------+-------------------------------------------
     0 | D:1      | Mickster the Deep Elf Wanderer began the quest for the Orb.
     0 | D:1      | Mickster set off with the following items: a +2 mace, a +0
                  | falchion, a +0 cloak, a potion of haste, a +0 robe.
     0 | D:1      | Reached XP level 1. HP: 12/12 MP: 3/3
    74 | D:1      | Slain by a quokka

Illustrated notes

Levels and vault maps discovered:
D:1:      matt_arrival_diagonals, layout_basic,
          hellmonk_ecumenical_altar_run_dry, minmay_hexomino_r4

Action                   || total
-------------------------++-------
Melee: Mace              ||     2
       Punch             ||     1
  Use: Scroll            ||     1
 Stab: Sleeping          ||     1
Dodge: Dodged            ||     4
